 Dungeon Crawl Stone Soup version 0.30-a0-174-gbc10bd73c2 (webtiles) character file.

Game seed: 11519352742362420036

75 qw the Chopper (level 4, -6/28 HPs)
             Began as a Gargoyle Fighter on Oct 1, 2022.
             Mangled by a black bear (10 damage)
             ... on level 3 of the Dungeon.
             The game lasted 00:00:34 (1606 turns).

qw the Chopper (Gargoyle Fighter)                   Turns: 1606, Time: 00:00:34

Health: -6/28      AC: 10    Str: 21    XL:     4   Next: 31%
Magic:  4/4        EV:  9    Int:  9    God:
Gold:   81         SH:  4    Dex:  9    Spells: 3/3 levels left

rFire   . . .      SeeInvis .    Y - +0 war axe
rCold   . . .      Faith    .    c - +0 buckler
rNeg    + . .      Spirit   .    b - +0 scale mail
rPois   inf        Reflect  .    (no helmet)
rElec   +          Harm     .    (no cloak)
rCorr   .          Rampage  .    (no gloves)
Will    .....                    (no boots)
Stlth   ..........               (no amulet)
HPRegen 0.24/turn                (no ring)
MPRegen 0.09/turn                (no ring)

@: no status effects
A: sickness immunity, AC +3, negative energy resistance 1, electricity
resistance, torment resistance 1, petrification resistance
a: no special abilities


You were on level 3 of the Dungeon.
You visited 1 branch of the dungeon, and saw 3 of its levels.

You collected 81 gold pieces.


Innate Abilities, Weirdness & Mutations

You are immune to sickness and miasma.
Your stone body is resilient. (AC +3)
You are immune to poison.
You resist negative energy. (rN+)
You are resistant to electric shocks. (rElec)
You are resistant to unholy torment.
You are immune to petrification.


   Skills:
 - Level 3.2 Fighting
 + Level 4.0 Axes
 - Level 3.2 Armour
 - Level 3.2 Shields


You had 3 spell levels left.
You didn't know any spells.
Your spell library was empty.

Inventory:

Hand Weapons
 i - a +0 whip
 Y - a +0 war axe (weapon)
Armour
 b - a +0 scale mail (worn)
 c - a +0 buckler (worn)
Scrolls
 a - a scroll of identify
Potions
 d - a potion of might
 h - a potion of heal wounds {unknown}
 j - a potion of curing

Dungeon Overview and Level Annotations

Branches:
Dungeon (3/15)

Altars:
Fedhas

Annotations:
D:3 Robin


Message History

You hit the black bear.
The black bear is moderately wounded.
A goblin comes into view. It is wielding a +0 club.
The black bear bites you. The black bear claws you. x2
The black bear closely misses you.
The black bear claws you but does no damage. x2
A goblin comes into view. It is wielding a +0 club.
The goblin moves out of view.
You slash the black bear!
The black bear is severely wounded.
The black bear bites you. The black bear claws you.
The black bear claws you but does no damage.
You barely miss the black bear.
The black bear is severely wounded.
The black bear bites you but does no damage.
The black bear claws you but does no damage.
The black bear claws you.
You barely miss the black bear.
The black bear is severely wounded.
The black bear goes berserk!
A goblin comes into view. It is wielding a +0 dagger.
The black bear bites you but does no damage.
The black bear closely misses you. The black bear claws you.
A goblin comes into view. It is wielding a +0 dagger.
1604 ||| Stepping ~*~*~tactically~*~*~ (stealth).
A goblin comes into view. It is wielding a +0 dagger.
The goblin shouts! x2; You hear a shout!
A goblin comes into view. It is wielding a +0 club.
The goblin moves out of view.
1605 ||| Stepping ~*~*~tactically~*~*~ (hiding).
The black bear attacks as you move away!
The black bear barely misses you.
The black bear claws you but does no damage. x2
The black bear bites you! The black bear claws you.
The black bear claws you but does no damage.
You hear a shout!
You hit the black bear.
The black bear is severely wounded.
The black bear bites you!
You die...

#####
#...#####.#
#.........#
#..<####....
##.## . #.#
#.# #.# #@#
########h#
........g#
########.#
g#g. g ....
.g .g..# .#
#.>.# .?
...#


You could see a black bear (berserk) and 5 goblins.

Vanquished Creatures
  3 adders
  A worm (D:2)
  A dart slug (D:1)
  6 bats
  3 endoplasms
  A giant cockroach (D:1)
  6 goblins
  A hobgoblin (D:1)
  4 jackals (D:1)
  3 kobolds
  A quokka (D:2)
  7 ball pythons
  A frilled lizard (D:1)
  2 rats (D:1)
40 creatures vanquished.

Vanquished Creatures (others)
  A fungus (D:1)
  2 plants (D:1)
3 creatures vanquished.

Grand Total: 43 creatures vanquished

Notes
Turn   | Place    | Note
-------+----------+-------------------------------------------
     0 | D:1      | qw the Gargoyle Fighter began the quest for the Orb.
     0 | D:1      | Reached XP level 1. HP: 14/14 MP: 1/1
     0 | D:1      | 0 ||| qw: Version: 0.2-a-13-gfc7b4b4
     0 | D:1      | 0 ||| qw: Game counter: 1887
     0 | D:1      | 0 ||| qw: Always use a shield: true
     0 | D:1      | 0 ||| qw: God list: Okawaru
     0 | D:1      | 0 ||| qw: Allow faded altars: false
     0 | D:1      | 0 ||| qw: Do Orc after D:15 true
     0 | D:1      | 0 ||| qw: Do second Lair branch before Depths: true
     0 | D:1      | 0 ||| qw: Lair rune preference: random
     0 | D:1      | 0 ||| qw: Plans: Normal, Zot:1-4, God:TSO, Crypt, Tomb,
                  | Pan, Slime:5, Hells, Abyss, Orb
     0 | D:1      | 0 ||| PLANNING D:1-11
    24 | D:1      | Reached skill level 2 in Axes
   137 | D:1      | Reached XP level 2. HP: 13/19 MP: 2/2
   186 | D:1      | 186 ||| Stepping ~*~*~tactically~*~*~ (stealth).
   258 | D:1      | Found a faded altar of an unknown god.
   374 | D:1      | 374 ||| Stepping ~*~*~tactically~*~*~ (stealth).
   376 | D:1      | 376 ||| Stepping ~*~*~tactically~*~*~ (stealth).
   546 | D:1      | 546 ||| Stepping ~*~*~tactically~*~*~ (stealth).
   552 | D:1      | Reached skill level 3 in Axes
   558 | D:1      | Reached XP level 3. HP: 21/23 MP: 3/3
   617 | D:1      | 617 ||| READING scroll labelled BAHOESCHUBB.
   620 | D:1      | 620 ||| READING scroll labelled SISALA ADAWECZE.
   621 | D:1      | 621 ||| READING scroll labelled IXEGAU VAASCH.
   622 | D:1      | 622 ||| READING scroll labelled PUNULO ZUUQEA.
   637 | D:2      | 637 ||| STAIRDANCE
   642 | D:2      | 642 ||| STAIRDANCE
   657 | D:2      | 657 ||| STAIRDANCE
   696 | D:2      | 696 ||| Stepping ~*~*~tactically~*~*~ (stealth).
   696 | D:2      | Found a blossoming altar of Fedhas.
   698 | D:2      | 698 ||| Stepping ~*~*~tactically~*~*~ (stealth).
   701 | D:2      | 701 ||| Stepping ~*~*~tactically~*~*~ (stealth).
   704 | D:2      | 704 ||| Stepping ~*~*~tactically~*~*~ (stealth).
   775 | D:2      | Reached XP level 4. HP: 24/28 MP: 4/4
  1087 | D:2      | Reached skill level 4 in Axes
  1128 | D:2      | 1128 ||| Stepping ~*~*~tactically~*~*~ (stealth).
  1426 | D:2      | 1426 ||| DROPPING +0 club.
  1571 | D:2      | 1571 ||| DRINKING 2 orange potions.
  1572 | D:2      | 1572 ||| READING 3 scrolls of identify.
  1572 | D:2      | 1572 ||| IDENTIFYING smoky grey potion
  1573 | D:2      | 1573 ||| READING 2 scrolls of identify.
  1573 | D:2      | 1573 ||| IDENTIFYING clear potion
  1574 | D:2      | 1574 ||| DROPPING potion of ambrosia.
  1575 | D:2      | 1575 ||| DROPPING potion of brilliance.
  1594 | D:3      | Noticed Robin
  1594 | D:3      | Noticed a black bear
  1595 | D:3      | 1595 ||| Stepping ~*~*~tactically~*~*~ (hiding).
  1604 | D:3      | 1604 ||| Stepping ~*~*~tactically~*~*~ (stealth).
  1605 | D:3      | 1605 ||| Stepping ~*~*~tactically~*~*~ (hiding).
  1605 | D:3      | HP: 4/28 [black bear (4)]
  1606 | D:3      | Mangled by a black bear

Levels and vault maps discovered:
D:1:      minmay_arrival_glassed_features, layout_loops_ring,
          shapermc_ecumenical_altar_mp_urbaneastern, st_stairs_7
D:2:      layout_basic, minmay_hexomino_r4
D:3:      layout_loops_ring, gammafunk_ghost_smash, minmay_misc_feat_room,
          grunt_decor_resistance, uniq_robin

Skill      XL: |  1  2  3  4 |
---------------+-------------+-----
Axes           | 2 3 4 |  4.0
Fighting       | |  3.2
Armour         | |  3.2
Shields        | |  3.2

Action                   |  1- 3 |  4- 6 || total
-------------------------+-------+-------++-------
Melee: War axe           |    74 |    37 ||   111
  Use: Scroll            |     4 |     2 ||     6
       Potion            |       |     1 ||     1
Armor: Scale mail        |    39 |    28 ||    67
Dodge: Dodged            |    34 |    10 ||    44
Block: Buckler           |    12 |     3 ||    15

Table legend:
 A = Non-vault XP
 B = Vault XP
 C = Vault XP percentage of total XP
 D = Non-vault monster count
 E = Vault monster count
 F = Vault count percentage of total count
                 A         B        C        D         E       F
            +---------+---------+-------+---------+---------+-------
      Total |      98 |      10 |   9.3 |      34 |       6 |  15.0
            +---------+---------+-------+---------+---------+-------
        D:1 |      48 |       2 |   4.0 |      21 |       1 |   4.5
        D:2 |      50 |       8 |  13.8 |      13 |       5 |  27.8
            +---------+---------+-------+---------+---------+-------
